General information
- name: BNet
- type: Ladder team game (AT/RT)
- host: Battle.net
- saver: iggy_the_fisk
map: Avalanche
- players: 4
- length: 14:00
- speed: Fast
- version: 1.21 W3XP
- replay type:

» download(88 KB)
Players
team 1 (loser)
GoSu)xD[CaSt3R] (
pink | 111 APM | 1468 actions | 13:14)
2 Priestess of the Moon
1 Searing Arrows
1 Trueshot Aura
» actions
| Assign group hotkey | 19 | |
| Build / train | 34 | |
| ESC pressed | 2 | |
| Enter build submenu | 14 | |
| Enter hero's abilities submenu | 2 | |
| Remove unit from queue | 1 | |
| Right click | 607 | |
| Select / deselect | 271 | |
| Select group hotkey | 480 | |
| Use ability | 38 | |
1468 total
» units
| Wisp | 11 | |
| Huntress | 16 | |
| Glaive Thrower | 1 | |
28 total
» buildings
| Altar of Elders | 1 | |
| Moon Well | 6 | |
| Tree of Life | 1 | |
| Hunter's Hall | 1 | |
| Ancient of War | 3 | |
12 total
» build order
00:04 Altar of Elders
00:18 Moon Well
01:48 Tree of Life
01:58 Hunter's Hall
02:01 Ancient of War
02:27 Ancient of War
02:36 Moon Well
02:51 Moon Well
03:00 Ancient of War
03:34 Moon Well
03:40 Moon Well
06:27 Moon Well
RAPEme (
red | 130 APM | 1825 actions | 13:59)
4 Death Knight
2 Death Coil
2 Unholy Aura
2 Lich
1 Frost Nova
1 Frost Armor
1 Crypt Lord
1 Impale
» actions
| Assign group hotkey | 48 | |
| Basic commands | 56 | |
| Build / train | 65 | |
| Enter build submenu | 12 | |
| Enter hero's abilities submenu | 7 | |
| Give item / drop item | 2 | |
| Remove unit from queue | 2 | |
| Right click | 994 | |
| Select / deselect | 287 | |
| Select group hotkey | 247 | |
| Use ability | 105 | |
1825 total
» units
| Acolyte | 2 | |
| Ghoul | 2 | |
| Crypt Fiend | 18 | |
| Gargoyle | -1 | |
21 total
» upgrades
» buildings
| Crypt | 1 | |
| Graveyard | 1 | |
| Altar of Darkness | 1 | |
| Ziggurat | 5 | |
| Tomb of Relics | 1 | |
| Halls of the Dead | 4 | |
| Nerubian Tower | 2 | |
| Black Citadel | 3 | |
| Sacrificial Pit | 1 | |
| Boneyard | 1 | |
20 total
» build order
00:04 Crypt
00:18 Graveyard
00:28 Altar of Darkness
00:46 Ziggurat
01:03 Tomb of Relics
01:29 Ziggurat
04:05 Halls of the Dead
04:05 Halls of the Dead
04:05 Halls of the Dead
04:32 Nerubian Tower
04:32 Nerubian Tower
04:35 Ziggurat
07:39 Black Citadel
07:40 Black Citadel
08:09 Ziggurat
08:13 Sacrificial Pit
10:46 Boneyard
11:18 Ziggurat
» items
| Rod of Necromancy | 4 | |
| Dust of Appearance | 3 | |
| Potion of Mana | 3 | |
| Orb of Corruption | 1 | |
| Scroll of Town Portal | 1 | |
12 total
team 2 (winner)

»
iggy_the_fisk (
teal | 106 APM | 1482 actions | 14:00)
3 Blademaster
2 Wind Walk
1 Critical Strike
2 Shadow Hunter
1 Hex
1 Healing Wave
» actions
| Assign group hotkey | 157 | |
| Basic commands | 10 | |
| Build / train | 57 | |
| Enter build submenu | 11 | |
| Enter hero's abilities submenu | 5 | |
| Right click | 749 | |
| Select / deselect | 248 | |
| Select group hotkey | 182 | |
| Use ability | 63 | |
1482 total
» units
| Peon | 8 | |
| Grunt | 17 | |
| Raider | 7 | |
| Spirit Walker | 4 | |
36 total
» upgrades
| Berserker Strength | 1 | |
| Ensnare | 1 | |
| Spirit Walker Training | 1 | |
| Melee Weapons | 1 | |
| Pillage | 1 | |
5 total
» buildings
| Altar of Storms | 1 | |
| Orc Burrow | 5 | |
| Barracks | 1 | |
| Voodoo Lounge | 1 | |
| Stronghold | 1 | |
| Beastiary | 1 | |
| Spirit Lodge | 1 | |
| War Mill | 1 | |
12 total
» build order
00:08 Altar of Storms
00:25 Orc Burrow
00:51 Barracks
01:34 Orc Burrow
01:51 Voodoo Lounge
02:53 Stronghold
04:16 Orc Burrow
05:24 Beastiary
05:25 Spirit Lodge
05:45 Orc Burrow
06:37 War Mill
08:59 Orc Burrow
» items

»
TIMG4STRok (
blue | 132 APM | 1850 actions | 13:59)
4 Death Knight
2 Death Coil
2 Unholy Aura
3 Lich
2 Frost Nova
1 Frost Armor
» actions
| Assign group hotkey | 18 | |
| Basic commands | 42 | |
| Build / train | 35 | |
| Enter build submenu | 15 | |
| Enter hero's abilities submenu | 7 | |
| Give item / drop item | 3 | |
| Right click | 852 | |
| Select / deselect | 183 | |
| Select group hotkey | 646 | |
| Use ability | 49 | |
1850 total
» units
| Acolyte | 2 | |
| Ghoul | 2 | |
| Crypt Fiend | 11 | |
| Obsidian Statue | 2 | |
17 total
» upgrades
| Burrow | 1 | |
| Creature Attack | 1 | |
| Destroyer Form | 1 | |
3 total
» buildings
| Crypt | 1 | |
| Graveyard | 2 | |
| Ziggurat | 6 | |
| Altar of Darkness | 1 | |
| Halls of the Dead | 1 | |
| Tomb of Relics | 1 | |
| Slaughterhouse | 1 | |
| Black Citadel | 1 | |
14 total
» build order
00:08 Crypt
00:11 Graveyard
00:16 Graveyard
00:26 Ziggurat
00:47 Altar of Darkness
01:26 Ziggurat
03:01 Ziggurat
04:14 Halls of the Dead
04:24 Tomb of Relics
05:37 Ziggurat
06:42 Slaughterhouse
07:50 Ziggurat
09:17 Black Citadel
11:37 Ziggurat
» items
Chat log
(00:11 / All) RAPEme: hi duck
(01:58 / All) RAPEme: rape me
(02:04 / All) RAPEme: & my ally
(02:29 / All) RAPEme: padla?